 Dungeon Crawl Stone Soup version 0.29.0-11-gd7f09526c8 (webtiles) character file.

Game seed: 6050258035219515759

2338 raistware the Thaumaturge (level 9, -10/53 HPs)
             Began as an Octopode Conjurer on Sept 6, 2022.
             Mangled by a gargoyle
             ... wielding a +0 dire flail
              (15 damage)
             ... on level 8 of the Dungeon.
             The game lasted 00:17:22 (9237 turns).

raistware the Thaumaturge (Octopode Conjurer)       Turns: 9237, Time: 00:17:22

Health: -10/53     AC:  1    Str:  6    XL:     9   Next: 43%
Magic:  3/22       EV: 13    Int: 29    God:
Gold:   386        SH:  0    Dex: 12    Spells: 18/27 levels left

rFire   . . .      SeeInvis .   a - staff of poison
rCold   . . .      Faith    .   (no shield)
rNeg    . . .      Spirit   .   (helmet restricted)
rPois   +          Reflect  .   (no amulet)
rElec   .          Harm     .   n - +6 ring of intelligence
rCorr   .          Rampage  .   o - ring of wizardry
Will    +....                   I - ring of willpower
Stlth   +++.......              (no ring)
HPRegen 0.17/turn               (no ring)
MPRegen 0.18/turn               (no ring)
                                (no ring)
                                (no ring)

@: very slightly contaminated, studying Polearms
A: almost no armour, amphibious, 8 rings, camouflage 1, gelatinous body 1,
(nimble swimmer 1), tentacles
a: no special abilities


You were on level 8 of the Dungeon.
You visited 2 branches of the dungeon, and saw 9 of its levels.

You collected 386 gold pieces.

Inventory:

Missiles
 j - a throwing net
 F - 4 poisoned darts
Magical Staves
 a - a staff of poison (weapon)
 b - a staff of death
Jewellery
 n - a +6 ring of intelligence (left tentacle)
 o - a ring of wizardry (right tentacle)
 I - a ring of willpower (on tentacle)
 J - a ring of ice
Wands
 g - a wand of polymorph (20)
 v - a wand of acid (7)
 x - a wand of flame (13)
 z - a wand of iceblast (8)
 D - a wand of charming (10)
 G - a wand of digging (3)
Scrolls
 d - a scroll of enchant weapon
 f - 2 scrolls of noise
 k - 3 scrolls of teleportation
 p - a scroll of enchant armour {unknown}
 q - 2 scrolls of vulnerability {unknown}
 u - 2 scrolls of poison
 w - 2 scrolls of brand weapon {unknown}
 y - a scroll of magic mapping {unknown}
 A - a scroll of summoning {unknown}
 C - 3 scrolls of amnesia
 E - a scroll of torment {unknown}
 H - a scroll of immolation {unknown}
Potions
 c - 2 potions of brilliance
 e - a potion of cancellation {unknown}
 h - 5 potions of curing
 i - a potion of magic
 l - 2 potions of haste
 m - 2 potions of heal wounds {unknown}
 r - a potion of lignification {unknown}
 s - a potion of flight {unknown}
 t - 2 potions of invisibility {unknown}
 B - 2 potions of ambrosia {unknown}


   Skills:
 - Level 1.0 Fighting
 - Level 3.0 Dodging
 - Level 3.0 Stealth
 + Level 9.7 Spellcasting
 + Level 7.0 Conjurations
 - Level 2.0 Translocations


You had 18 spell levels left.
You knew the following spells:

 Your Spells              Type           Power      Damage    Failure   Level
a - Magic Dart            Conj           100%       1d8       1%          1
b - Iskenderun's Mystic   Conj/Tloc      40%        2d9       2%          4
c - Olgreb's Toxic Radia  Pois           21%        N/A       16%         4

Your spell library contained the following spells:

 Spells                   Type           Power      Damage    Failure   Level
 Foxfire                  Conj/Fire      100%       2x1d9     1%          1
 Sting                    Tmut/Pois      84%        1d7       1%          1
 Searing Ray              Conj           100%       2d8       1%          2
 Conjure Flame            Conj/Fire      34%        6-21      1%          3
 Dazzling Flash           Conj/Hex       68%        N/A       1%          3
 Gell's Gravitas          Tloc           25%        N/A       1%          3
 Teleport Other           Tloc           25%        N/A       1%          3
 Poisonous Vapours        Pois/Air       42%        N/A       2%          2
 Flame Wave               Conj/Fire      34%        2d10      3%          4
 Fulminant Prism          Conj/Hex       17%        3d11      3%          4
 Inner Flame              Hex/Fire       14%        N/A       4%          3
 Summon Guardian Golem    Hex/Summ       14%        N/A       4%          3
 Agony                    Necr           14%        N/A       38%         5
 Silence                  Hex/Air        7%         N/A       38%         5
 Orb of Destruction       Conj           26%        9d9       56%         7
 Dispersal                Tloc           12%        N/A       67%         6
 Spellforged Servitor     Conj/Summ      17%        N/A       95%         7


Dungeon Overview and Level Annotations

Branches:
Dungeon (8/15)             Temple (1/1) D:5
   Lair: D:8-11

Altars:
Ashenzari
Dithmenos
Elyvilon
Gozag
Kikubaaqudgha
Makhleb
Nemelex Xobeh
Okawaru
Qazlal
Sif Muna
Trog
Uskayaw
Wu Jian
Xom
Yredelemnul
The Shining One

Annotations:
D:4 1 runed translucent door, Crazy Yiuf, Grinder
D:5 2 transporters


Innate Abilities, Weirdness & Mutations

You cannot wear most types of armour.
You are amphibious.
You can wear up to eight rings at the same time.
Your skin changes colour to match your surroundings (Stealth+).
Your rubbery body absorbs attacks. (AC +1, EV +1)
((You are camouflaged when in or above water. (Stealth+)))
You have tentacles for arms and can constrict up to eight enemies at once.


Message History

Casting: Iskenderun's Mystic Blast (dangerous; 2% risk of failure)
Confirm with . or Enter, or press ? or * to list all spells.
You erupt in a blast of force!
The mystic blast hits the gargoyle!
The gargoyle is moderately damaged.
The gargoyle is knocked back by the mystic blast.
The gargoyle slams into the rock wall!
Unknown command.
Unknown command.
Casting: Iskenderun's Mystic Blast (dangerous; 2% risk of failure)
Confirm with . or Enter, or press ? or * to list all spells.
You miscast Iskenderun's Mystic Blast.
You are very lightly contaminated with residual magic.
Nothing appears to happen.
Unknown command.
Casting: Iskenderun's Mystic Blast (dangerous; 2% risk of failure)
Confirm with . or Enter, or press ? or * to list all spells.
You erupt in a blast of force!
The mystic blast hits the gargoyle but does no damage.
The gargoyle is moderately damaged.
The gargoyle barely misses you.
Aiming: Corrosive Bolt
Press: ? - help, Shift-Dir - straight line, f - gargoyle
Aim: a gargoyle, wielding a +0 dire flail (moderately damaged, 86% to hit)
The bolt of acid hits the gargoyle.
The acid corrodes the gargoyle!
The gargoyle is heavily damaged.
The gargoyle hits you with a +0 dire flail!
* * * LOW HITPOINT WARNING * * *
Aiming: Corrosive Bolt
Press: ? - help, Shift-Dir - straight line, f/p - gargoyle
Aim: a gargoyle, wielding a +0 dire flail (heavily damaged, covered in acid, 86% to hit)
The bolt of acid misses the gargoyle.
The gargoyle closely misses you.
Unknown command.
Aiming: Corrosive Bolt
Press: ? - help, Shift-Dir - straight line, f/p - gargoyle
Aim: a gargoyle, wielding a +0 dire flail (heavily damaged, covered in acid, 86% to hit)
The bolt of acid hits the gargoyle!
The gargoyle seems to be corroded for longer.
The gargoyle is severely damaged.
The gargoyle hits you with a +0 dire flail!
You die...

.## ####.# z# .#
##....##.## .#
####.###.#...# .#
##....# #...#.#
.######...#.###)#...#
..........##....##.##
#######)..###.#.....#
#.........<9.###
#.######.##@## #.# #.
#.# #.# ####.##.# #.#
#......†# ######.#
#.......# ###
.......# #.......#
#.# ########
#.......# #.#
#.......# #.#
#......<# #.#


You could see a gargoyle (corroded).

Vanquished Creatures
  A water moccasin (D:7)
  An orc warrior (D:6)
  An ice beast (D:6)
  A black bear (D:6)
  3 ogres
  A centaur (D:7)
  3 bullfrogs
  A necrophage (D:5)
  3 scorpions (D:5)
  6 wights
  3 howler monkeys
  2 hounds
  A jelly (D:6)
  3 gnoll boudas
  4 iguanas
  6 orc wizards
  A hound zombie (D:4)
  8 adders
  17 gnolls
  A shadow imp (D:5)
  A white imp (D:6)
  An ufetubus (D:6)
  An adder zombie (D:4)
  3 worms
  3 dart slugs
  7 orcs
  7 ball pythons
  6 bats
  6 endoplasms
  3 giant cockroaches
  4 hobgoblins
  2 quokkas
  4 frilled lizards
  7 goblins
  5 kobolds
  6 rats
133 creatures vanquished.

Notes
Turn   | Place    | Note
-------+----------+-------------------------------------------
     0 | D:1      | raistware the Octopode Conjurer began the quest for the
                  | Orb.
     0 | D:1      | Reached XP level 1. HP: 11/11 MP: 3/3
   388 | D:1      | Reached XP level 2. HP: 17/17 MP: 1/5
   790 | D:1      | Found a faded altar of an unknown god.
   943 | D:1      | Reached skill level 3 in Spellcasting
  1598 | D:2      | Reached XP level 3. HP: 21/21 MP: 3/7
  2201 | D:2      | Reached XP level 4. HP: 25/27 MP: 5/9
  2206 | D:2      | Learned a level 4 spell: Iskenderun's Mystic Blast
  2312 | D:3      | Found a broken altar of Ashenzari.
  2699 | D:3      | Reached skill level 4 in Spellcasting
  2763 | D:3      | Reached skill level 1 in Translocations
  3080 | D:3      | Found a bloodstained altar of Trog.
  3133 | D:4      | Identified the +1 robe of a wizard's laboratory {rPois rN+}
  3192 | D:4      | Reached XP level 5. HP: 23/31 MP: 0/11
  3492 | D:4      | Noticed Grinder
  3516 | D:4      | Reached skill level 5 in Spellcasting
  3520 | D:4      | Reached XP level 6. HP: 22/36 MP: 4/13
  4068 | D:4      | Found a runed translucent door.
  4069 | D:4      | Noticed Crazy Yiuf
  4306 | D:4      | Found a basalt altar of Yredelemnul.
  4404 | D:4      | Reached skill level 6 in Spellcasting
  4644 | D:5      | Entered Level 5 of the Dungeon
  4648 | D:5      | Found a staircase to the Ecumenical Temple.
  4654 | Temple   | Entered the Ecumenical Temple
  4709 | D:5      | Noticed an acid dragon
  4710 | D:5      | Found an ornate altar of the Wu Jian Council.
  4710 | D:5      | Noticed a yak
  4712 | D:5      | Found a transporter.
  4712 | D:5      | Noticed a troll
  4740 | D:5      | Reached XP level 7. HP: 22/41 MP: 3/16
  5072 | D:5      | Found a transporter.
  5084 | D:5      | Reached skill level 7 in Spellcasting
  5249 | D:5      | Noticed a water elemental
  5251 | D:5      | Found a stormy altar of Qazlal.
  5253 | D:5      | Noticed a fire elemental
  5253 | D:5      | Noticed an air elemental
  5663 | D:5      | Found a glowing golden altar of the Shining One.
  5978 | D:5      | Reached skill level 8 in Spellcasting
  5978 | D:5      | Reached XP level 8. HP: 46/46 MP: 14/20
  6881 | D:6      | Reached skill level 5 in Conjurations
  7411 | D:6      | Found an iron altar of Okawaru.
  7476 | D:6      | Reached skill level 9 in Spellcasting
  7977 | D:7      | Reached XP level 9. HP: 51/51 MP: 18/22
  8449 | D:7      | Reached skill level 1 in Fighting
  8744 | D:7      | Found a sparkling altar of Nemelex Xobeh.
  8766 | D:7      | Learned a level 4 spell: Olgreb's Toxic Radiance
  9093 | D:8      | Identified a scroll of acquirement
  9095 | D:8      | Acquired a staff of poison
  9107 | D:8      | Noticed a gargoyle
  9237 | D:8      | Mangled by a gargoyle

Illustrated notes

Levels and vault maps discovered:
D:1:      dpeg_arrival_shrine, layout_loops_corners,
          nicolae_ecumenical_lake_church
D:2:      minmay_wonky_spiral, layout_basic, minmay_split_cup_large
D:3:      layout_loops_cross, mainiacjoe_overflow_alcove_1,
          lemuel_crystal_altar, serial_glass, glass_columns_b, glass_columns_a,
          minmay_strange_pillars, minmay_strange_pillars, feat_on_display,
          minmay_strange_pillars, minmay_misc_feat_tiny,
          mrwooster_statue_mirror, kennysheep_generic_room_11
D:4:      layout_rooms, lemuel_zombie_altar_yredelemnul, st_stairs_9,
          minmay_manual_monstrance, uniq_grinder, uniq_crazy_yiuf_cottage
D:5:      layout_loops_ring, nicolae_qazlal_style_of_elements, tso_altar,
          gammafunk_temple_overflow_arena, minmay_temple_entry_enclosed_plants
D:6:      layout_loops_cross, mainiacjoe_overflow_chevrons,
          hangedman_decor_peaks_small
D:7:      layout_basic, nemelex_dance_club_becter, serial_rivers,
          chequers_serial_rivers_room_a, chequers_serial_rivers_small_b,
          chequers_serial_rivers_micro_d, chequers_serial_rivers_micro_d
D:8:      layout_loops_ring, nicolae_vehumet_altar_sigil,
          mainiacjoe_overflow_24_doors, nicolae_ru_sacrificial_ziggurat,
          serial_shops, shop, chequers_ossuary_entry_cave
Temple:   hellmonk_temple_rainy

Skill      XL: |  1  2  3  4  5  6  7  8  9 |
---------------+----------------------------+-----
Spellcasting   | 3 4 5 6 8 9 |  9.7
Translocations | 2 |  2.0
Conjurations   | 6 7 |  7.0
Stealth        | 3 |  3.0
Fighting       | 1 |  1.0
Dodging        | 3 |  3.0

Action                   |  1- 3 |  4- 6 |  7- 9 || total
-------------------------+-------+-------+-------++-------
Melee: Unarmed           |    15 |       |       ||    15
       Tentacles         |     6 |     7 |    10 ||    23
       Constrict         |     4 |     5 |    14 ||    23
       Staff             |     2 |    18 |    32 ||    52
       Punch             |       |       |     1 ||     1
Throw: Throwing net      |       |       |     1 ||     1
 Cast: Magic Dart        |    61 |   134 |   155 ||   350
       Iskenderun's Myst |       |     5 |    35 ||    40
Evoke: Wand              |       |       |    11 ||    11
  Use: Scroll            |       |       |    11 ||    11
 Stab: Sleeping          |       |     2 |     4 ||     6
Armor: Skin              |       |     2 |     8 ||    10
Dodge: Dodged            |     7 |    27 |    55 ||    89
